 Dungeon Crawl Stone Soup version 0.21-a0-369-g397cdb2 (webtiles) character file.

114 zero the Chopper (level 4, -10/42 HPs)
             Began as a Gargoyle Berserker on Oct 15, 2017.
             Was a Believer of Trog.
             Mangled by an ogre
             ... wielding a +0 giant spiked club
              (22 damage)
             ... on level 4 of the Dungeon.
             The game lasted 00:02:50 (2331 turns).

zero the Chopper (Gargoyle Berserker)               Turns: 2331, Time: 00:02:51

Health: -10/42     AC: 10    Str: 26    XL:     4   Next: 98%
Magic:  4/4        EV: 11    Int:  8    God:    Trog [**....]
Gold:   126        SH:  0    Dex:  9    Spells: 3/3 levels left

rFire    . . .     SeeInvis .   y - +0 broad axe
rCold    . . .     Gourm    .   (no shield)
rNeg     + . .     Faith    .   j - +0 ring mail
rPois    ∞         Spirit   .   m - +0 helmet
rElec    +         Reflect  .   (no cloak)
rCorr    .         Harm     .   (no gloves)
MR       .....                  (no boots)
Stlth    ..........             (no amulet)
HPRegen  0.14/turn              (no ring)
MPRegen  0.09/turn              (no ring)

@: berserking, very quick
A: negative energy resistance 1, electricity resistance, unbreathing,
petrification resistance, rot immunity, AC +3
a: Berserk, Trog's Hand, Burn Spellbooks, Renounce Religion


You were on level 4 of the Dungeon.
You worshipped Trog.
Trog was pleased with you.
You were hungry.

You visited 1 branch of the dungeon, and saw 4 of its levels.

You collected 126 gold pieces.

Inventory:

Hand Weapons
 y - a +0 broad axe (weapon)
Armour
 j - a +0 ring mail (worn)
 m - a +0 helmet (worn)
Jewellery
 b - a +4 ring of dexterity {unknown}
 n - an uncursed ring of protection from magic {unknown}
 q - a +1 ring of evasion {unknown}
Wands
 s - a wand of lightning (8/15)
 x - a wand of acid (7/15)
Scrolls
 d - a scroll of fear {unknown}
 f - 3 scrolls of remove curse {unknown}
 l - 3 scrolls of identify {unknown}
 u - 2 scrolls of random uselessness {unknown}
 v - a scroll of fog {unknown}
Potions
 e - a potion of resistance {unknown}
 g - a potion of brilliance {unknown}
 h - a potion of curing {unknown}
 i - a potion of heal wounds {unknown}
 k - a potion of haste {unknown}
 o - a potion of lignification {unknown}
 r - a potion of might {unknown}
 t - a potion of mutation {unknown}
Comestibles
 a - a chunk of flesh
 c - 4 bread rations
 p - 3 fruits
 w - a royal jelly


   Skills:
 - Level 3.2 Fighting
 + Level 5.0 Axes
 - Level 2.1 Armour
 - Level 1.5 Dodging


You had 3 spell levels left.
You didn't know any spells.

Dungeon Overview and Level Annotations

Branches:
Dungeon (4/15)
 Temple: D:4-7

Altars:
Trog
Uskayaw


Innate Abilities, Weirdness & Mutations

You are resistant to torment.
Your stone body is resilient. (AC +3)
You are immune to poison.
You resist negative energy. (rN+)
You are resistant to electric shocks. (rElec)
You can survive without breathing.
You are immune to petrification.
You are immune to rotting.


Message History

An ogre comes into view. It is wielding a giant spiked club.
The ogre shouts!
A frilled lizard comes into view.
The frilled lizard hisses angrily.
Found 6 gold pieces.
You see here a scroll labeled TOMAROOCHY.
There are monsters nearby!
There are monsters nearby!
You barely miss the ogre.
The ogre hits you with a giant spiked club!!
Ouch! That really hurt!
* * * LOW HITPOINT WARNING * * *
There are monsters nearby!
You are too injured to fight recklessly!
A red film seems to cover your vision as you go berserk!
You feel yourself moving faster!
You feel mighty!
You are feeling hungry.
The ogre hits you with a giant spiked club!!
Ouch! That really hurt!
You die...

.# ####.####
###.#####........
......##.##..[..
#.##.##.##.####
##....##.##.# #
###...........####
###.##.................
#..l..?#...........####
$..###.@##..........#
#.O##..........####
.###..##..............
.....###..........####
#............[###
.....###........######
###.# #..............
## #.......#######
.....####


You could see an ogre and a frilled lizard.

Vanquished Creatures
  A hound skeleton (D:4)
  3 adders
  3 dart slugs (D:1)
  A leopard gecko (D:1)
  A ball python (D:3)
  10 bats
  2 giant cockroaches
  7 goblins
  11 hobgoblins
  2 quokkas (D:3)
  5 frilled lizards
  16 kobolds
  3 rats
65 creatures vanquished.

Notes
Turn   | Place    | Note
-------+----------+-------------------------------------------
     0 | D:1      | zero the Gargoyle Berserker began the quest for the Orb.
     0 | D:1      | Reached XP level 1. HP: 14/14 MP: 1/1
    44 | D:1      | Reached skill level 3 in Axes
   118 | D:1      | Reached XP level 2. HP: 18/19 MP: 2/2
   447 | D:1      | Reached XP level 3. HP: 21/23 MP: 3/3
   529 | D:1      | Reached ** piety under Trog
   877 | D:2      | Reached skill level 4 in Axes
  1120 | D:2      | Found a hide-covered altar of Uskayaw.
  1499 | D:3      | Reached XP level 4. HP: 27/28 MP: 4/4
  1537 | D:3      | Found a bloodstained altar of Trog.
  2319 | D:4      | Reached skill level 5 in Axes
  2327 | D:4      | Noticed an ogre
  2331 | D:4      | Mangled by an ogre

Vault maps used:
D:1:      minmay_arrival_checkered_box, corexii_leaking_fountain
D:2:      lemuel_crystal_altar, serial_curves, eino_curves_01, eino_curves_04,
          eino_curves_03
D:3:      bloody_trog, first_bread
D:4:      temple_doors_ab

Skill      XL: |  1  2  3  4 |
---------------+-------------+-----
Axes           | 3 4 5 |  5.0
Fighting       | |  3.2
Armour         | |  2.1
Dodging        | |  1.5

Action                   |  1- 3 |  4- 6 || total
-------------------------+-------+-------++-------
Melee: Hand axe          |   144 |       ||   144
       War axe           |     9 |    45 ||    54
       Broad axe         |       |    15 ||    15
Invok: Berserk           |     2 |     1 ||     3
 Stab: Sleeping          |     1 |       ||     1
  Eat: Chunk             |     4 |     2 ||     6
       Fruit             |       |     1 ||     1
Armor: Animal skin       |    17 |       ||    17
       Ring mail         |    48 |    29 ||    77
Dodge: Dodged            |   103 |    36 ||   139

Table legend:
 A = Spawn XP
 B = Non-spawn XP
 C = Spawn XP percentage of total XP
 D = Spawn monster count
 E = Non-spawn monster count
 F = Spawn count percentage of total count
 G = Total turns spent on level
                    A         B        C        D         E        F      G
               +---------+---------+-------+---------+---------+-------+---------
         Total |       0 |     164 |   0.0 |       0 |      65 |   0.0 |  2331
               +---------+---------+-------+---------+---------+-------+---------
           D:1 |       0 |      47 |   0.0 |       0 |      26 |   0.0 |   865
           D:2 |       0 |      28 |   0.0 |       0 |      17 |   0.0 |   569
           D:3 |       0 |      43 |   0.0 |       0 |      18 |   0.0 |   657
           D:4 |       0 |      46 |   0.0 |       0 |       4 |   0.0 |   240
               +---------+---------+-------+---------+---------+-------+---------
